 Dungeon Crawl Stone Soup version 0.21.1-1-g345015f (webtiles) character file.

28 relionnb the Charmwright (level 3, 0/31 HPs)
             Began as a Gnoll Skald on Feb 28, 2018.
             Slain by a bullfrog (2 damage)
             ... on level 2 of the Dungeon.
             The game lasted 00:17:04 (1070 turns).

relionnb the Charmwright (Gnoll Skald)              Turns: 1070, Time: 00:17:04

Health: 0/31       AC:  3    Str: 14    XL:     3   Next: 12%
Magic:  8/9        EV: 14    Int: 15    God:
Gold:   21         SH:  0    Dex: 14    Spells: 6/12 levels left

rFire    . . .     SeeInvis .   f - +1 whip (holy)
rCold    . . .     Gourm    .   (no shield)
rNeg     . . .     Faith    .   b - +0 leather armour
rPois    .         Spirit   .   (no helmet)
rElec    .         Reflect  .   (no cloak)
rCorr    .         Harm     .   (no gloves)
MR       .....                  (no boots)
Stlth    +.........             (no amulet)
HPRegen  0.10/turn              x - +1 ring of slaying
MPRegen  0.11/turn              (no ring)

@: no status effects
A: distributed training, fangs 1, strong nose
a: no special abilities


You were on level 2 of the Dungeon.
You were not hungry.

You visited 1 branch of the dungeon, and saw 2 of its levels.

You collected 21 gold pieces.

Inventory:

Hand Weapons
 a - a +0 falchion {to life!}
 e - a +0 short sword
 f - a +1 whip of holy wrath (weapon)
 l - a +0 club
 m - a +0 whip
 r - a +0 dagger
 u - a +0 mace
 v - a +0 whip
Missiles
 i - 48 stones
 k - 16 sling bullets
 p - 15 poisoned needles (quivered)
 t - 40 bolts
Armour
 b - a +0 leather armour (worn)
 o - a cursed +0 robe
Jewellery
 x - a +1 ring of slaying (left hand)
Scrolls
 h - a scroll of identify {unknown}
 n - a scroll of enchant weapon {unknown}
 w - a scroll of amnesia {unknown}
Potions
 j - a potion of flight {unknown}
 q - a potion of brilliance {unknown}
Books
 c - a book of Battle

   Spells                             Type                      Level
   a - Infusion                       Charms                       1
   b - Shroud of Golubria             Charms/Translocation         2
   c - Song of Slaying                Charms                       2
   d - Spectral Weapon                Hexes/Charms                 3
   e - Regeneration                   Charms/Necromancy            3
Comestibles
 d - 3 rations
 s - a chunk of flesh


   Skills:
 + Level 4.5 Fighting
 + Level 0.6 Short Blades
 + Level 4.5 Long Blades
 + Level 0.6 Axes
 + Level 0.6 Maces & Flails
 + Level 0.6 Polearms
 + Level 0.6 Staves
 + Level 0.6 Slings
 + Level 0.6 Bows
 + Level 0.6 Crossbows
 + Level 0.6 Throwing
 + Level 2.5 Armour
 + Level 4.5 Dodging
 + Level 0.6 Stealth
 + Level 0.6 Shields
 + Level 0.6 Unarmed Combat
 + Level 5.0 Spellcasting
 + Level 0.4 Conjurations
 + Level 0.4 Hexes
 + Level 5.4 Charms
 + Level 0.4 Summonings
 + Level 0.4 Necromancy
 + Level 0.4 Translocations
 + Level 0.4 Transmutations
 + Level 0.4 Fire Magic
 + Level 0.4 Ice Magic
 + Level 0.4 Air Magic
 + Level 0.4 Earth Magic
 + Level 0.4 Poison Magic
 + Level 0.8 Invocations
 + Level 0.6 Evocations


You had 6 spell levels left.
You knew the following spells:

 Your Spells              Type           Power        Failure   Level  Hunger
a - Infusion              Chrm           ###.         2%          1    None
b - Song of Slaying       Chrm           ###.....     3%          2    ##.....
c - Spectral Weapon       Hex/Chrm       ##......     19%         3    ###....


Dungeon Overview and Level Annotations

Branches:
Dungeon (2/15)

Altars:


Innate Abilities, Weirdness & Mutations

Your experience applies equally to all skills.
You have very sharp teeth.
Your uncanny sense of smell can sniff out nearby items.


Message History

The worker ant misses your spectral weapon.
The bullfrog completely misses you. The bullfrog hits you.
* * * LOW HITPOINT WARNING * * *
The adder bites your spectral weapon but does no damage.
The worker ant closely misses your spectral weapon.
The bullfrog closely misses your spectral weapon.
The bullfrog misses your spectral weapon.
The adder barely misses your spectral weapon.
An adder comes into view.
The adder hisses angrily.
A hobgoblin comes into view. It is wielding a club.
The bullfrog barely misses you.
Your spectral weapon fades away.
The bullfrog closely misses you. The bullfrog completely misses you.
The adder bites you.
* * * LOW HITPOINT WARNING * * *
The bullfrog hits you.
* * * LOW HITPOINT WARNING * * *
The bullfrog hits you.
You die...

...## . .#.. ..
... ...##.. ######
..... ...... g..
...##...... ..S
#......... ...
#@.........# #S.
#F.........#
#.#####.S........#
#.....#a.........#
#...............#
#..a...........#
#....##........##
#...............#
#..........<....#


You could see a bullfrog, a worker ant and an adder.

Vanquished Creatures
  An ooze (D:1)
  A dart slug (D:1)
  4 bats (D:1)
  A giant cockroach (D:1)
  2 goblins (D:1)
  A hobgoblin (D:1)
  A frilled lizard (D:1)
  3 kobolds (D:1)
  8 rats (D:1)
22 creatures vanquished.

Notes
Turn   | Place    | Note
-------+----------+-------------------------------------------
     0 | D:1      | relionnb the Gnoll Skald began the quest for the Orb.
     0 | D:1      | Reached XP level 1. HP: 20/20 MP: 6/6
    69 | D:1      | Reached XP level 2. HP: 26/26 MP: 7/7
   417 | D:1      | Learned a level 2 spell: Song of Slaying
   599 | D:1      | Reached XP level 3. HP: 28/31 MP: 9/9
   661 | D:1      | Reached skill level 5 in Spellcasting
   738 | D:1      | Learned a level 3 spell: Spectral Weapon
  1054 | D:2      | Noticed a bullfrog
  1068 | D:2      | HP: 1/31 [bullfrog (1)]
  1070 | D:2      | Slain by a bullfrog

Skill      XL: |  1  2  3 |
---------------+----------+-----
Spellcasting   | 5 |  5.0
Fighting       | |  4.5
Short Blades   | |  0.6
Long Blades    | |  4.5
Axes           | |  0.6
Maces & Flails | |  0.6
Polearms       | |  0.6
Staves         | |  0.6
Slings         | |  0.6
Bows           | |  0.6
Crossbows      | |  0.6
Throwing       | |  0.6
Armour         | |  2.5
Dodging        | |  4.5
Stealth        | |  0.6
Shields        | |  0.6
Unarmed Combat | |  0.6
Conjurations   | |  0.4
Hexes          | |  0.4
Charms         | |  5.4
Summonings     | |  0.4
Necromancy     | |  0.4
Translocations | |  0.4
Transmutations | |  0.4
Fire Magic     | |  0.4
Ice Magic      | |  0.4
Air Magic      | |  0.4
Earth Magic    | |  0.4
Poison Magic   | |  0.4
Invocations    | |  0.8
Evocations     | |  0.6

Action                   || total
-------------------------++-------
Melee: Falchion          ||    40
       Bite              ||     6
       Whip              ||    24
 Cast: Spectral Weapon   ||     3
  Use: Potion            ||     2
       Scroll            ||     1
  Eat: Ration            ||     1
Armor: Leather armour    ||    30
Dodge: Dodged            ||    72
       Rpst.: Falchion   ||     7
